 Dungeon Crawl Stone Soup version 0.25-a0-927-g39f137c8b7 (webtiles) character file.

Game seed: 1505387837392423357, levelgen mode: deterministic

72 Maedhros the Sneak (level 4, -1/28 HPs)
             Began as an Octopode Artificer on May 3, 2020.
             Slain by an ice beast (7 damage)
             ... on level 4 of the Dungeon.
             The game lasted 00:01:01 (744 turns).

Maedhros the Sneak (Octopode Artificer)              Turns: 744, Time: 00:01:02

Health: -1/28      AC:  1    Str: 11    XL:     4   Next: 25%
Magic:  6/6        EV: 13    Int: 13    God:
Gold:   20         SH:  0    Dex: 13    Spells: 3/3 levels left

rFire    . . .     SeeInvis +   l - +3 quarterstaff (chaos)
rCold    . . .     Gourm    .   (shield currently unavailable)
rNeg     . . .     Faith    .   (helmet restricted)
rPois    .         Spirit   .   (no amulet)
rElec    .         Reflect  .   g - ring of see invisible
rCorr    .         Harm     .   (no ring)
MR       .....                  (no ring)
Stlth    +++.......             (no ring)
HPRegen  0.09/turn              (no ring)
MPRegen  0.10/turn              (no ring)
                                (no ring)
                                (no ring)

@: no status effects
A: almost no armour, stealthy swim, amphibious, 8 rings, constrict 8, camouflage
1, gelatinous body 1
a: no special abilities


You were on level 4 of the Dungeon.
You were not hungry.

You visited 1 branch of the dungeon, and saw 4 of its levels.

You collected 20 gold pieces.

Inventory:

Hand Weapons
 a - a +0 short sword
 l - a +3 quarterstaff of chaos (weapon)
Missiles
 e - 21 poisoned darts (quivered)
Jewellery
 g - a ring of see invisible (left tentacle)
Wands
 b - a wand of flame (22)
 c - a wand of enslavement (15)
 d - a wand of random effects (15)
Scrolls
 i - a scroll of enchant weapon {unknown}
 j - 2 scrolls of remove curse {unknown}
 k - 2 scrolls of identify {unknown}
Potions
 h - a potion of curing {unknown}
Comestibles
 f - 4 rations


   Skills:
 - Level 1.0 Fighting
 - Level 1.0 Short Blades
 - Level 2.0 Dodging
 - Level 4.0 Stealth
 + Level 2.6 Unarmed Combat
 - Level 3.2 Evocations


You had 3 spell levels left.
You didn't know any spells.
Your spell library was empty.

Dungeon Overview and Level Annotations

Branches:
Dungeon (4/15)
 Temple: D:4-7

Altars:

Annotations:
D:3 2 transporters, omer1ben's ghost, amateur DrFE


Innate Abilities, Weirdness & Mutations

You cannot wear most types of armour.
You are very stealthy in the water. (Stealth+)
You are amphibious.
You can wear up to eight rings at the same time.
You can use your tentacles to constrict eight enemies at once.
Your skin changes colour to match your surroundings (Stealth+).
Your rubbery body absorbs attacks. (AC +1, EV +1)


Message History

Evoke which item? (* to show all) (? for menu, Esc to quit)
Aiming: Throw Flame
Press: ? - help, Shift-Dir - straight line, f/p - ice beast
Aim: an ice beast (heavily wounded)
The puff of flame hits the ice beast!
The ice beast melts!
The ice beast is almost dead.
You barely miss the ice beast. Your squeeze misses the ice beast.
The ice beast is almost dead.
The ice beast hits you. The ice beast freezes you!
* * * LOW HITPOINT WARNING * * *
Evoke which item? (* to show all) (? for menu, Esc to quit)
Aiming: Throw Flame
Press: ? - help, Shift-Dir - straight line, f/p - ice beast
Aim: an ice beast (almost dead)
The puff of flame hits the ice beast.
The ice beast melts!
The ice beast is almost dead.
The ice beast hits you.
* * * LOW HITPOINT WARNING * * *
The ice beast freezes you!
You die...

#####
#####...##
#@.......##
#Y####....#
#.# #....#
#.# ♣..P.♣
#.# ♣♣P..♣
..# ♣♣.♣♣
...# ♣♣.♣
.#### ♣.♣♣
.. ♣♣.♣


You could see an ice beast.

Vanquished Creatures
  Crazy Yiuf (D:4)
  An adder (D:3)
  An ooze (D:2)
  A dart slug (D:1)
  An orc (D:3)
  A bat (D:1)
  3 giant cockroaches
  3 goblins
  A hobgoblin (D:1)
  6 jackals (D:1)
  A frilled lizard (D:2)
  4 kobolds
  2 rats
26 creatures vanquished.

Notes
Turn   | Place    | Note
-------+----------+-------------------------------------------
     0 | D:1      | Maedhros the Octopode Artificer began the quest for the
                  | Orb.
     0 | D:1      | Reached XP level 1. HP: 13/13 MP: 3/3
   104 | D:1      | Reached skill level 2 in Stealth
   258 | D:1      | Reached skill level 3 in Stealth
   258 | D:1      | Reached XP level 2. HP: 17/18 MP: 4/4
   535 | D:1      | Reached skill level 4 in Stealth
   545 | D:2      | Reached XP level 3. HP: 23/23 MP: 5/5
   577 | D:2      | Reached skill level 1 in Unarmed Combat
   669 | D:3      | Noticed omer1ben's ghost (amateur DrFE)
   672 | D:3      | Found a transporter.
   699 | D:3      | Found a transporter.
   706 | D:4      | Found a runed translucent door.
   706 | D:4      | Noticed Crazy Yiuf
   712 | D:4      | Killed Crazy Yiuf
   712 | D:4      | Reached XP level 4. HP: 19/28 MP: 6/6
   734 | D:4      | Noticed an ice beast
   744 | D:4      | Slain by an ice beast

Levels and vault maps discovered:
D:1:      dpeg_arrival_three_bigger_balls, layout_basic
D:2:      layout_loops_ring, grunt_decor_mini_mirrors
D:3:      layout_loops_ring, gammafunk_ghost_arena, solitary_fountain,
          minmay_cut_off
D:4:      layout_loops_ring, first_ration, grunt_decor_cap,
          uniq_crazy_yiuf_cottage, uniq_pikel

Skill      XL: |  1  2  3 |
---------------+----------+-----
Stealth        | 3 4 |  4.0
Unarmed Combat | 2 |  2.6
Fighting       | |  1.0
Short Blades   | |  1.0
Dodging        | |  2.0
Evocations     | |  3.2

Action                   |  1- 3 |  4- 6 || total
-------------------------+-------+-------++-------
Melee: Short sword       |    51 |       ||    51
       Constrict         |    14 |       ||    14
       Tentacles         |     6 |       ||     6
       Punch             |     1 |       ||     1
       Quarterstaff      |       |     1 ||     1
Evoke: Wand              |       |     6 ||     6
 Stab: Sleeping          |     6 |       ||     6
Armor: Skin              |     2 |       ||     2
Dodge: Dodged            |    38 |       ||    38

Table legend:
 A = Non-vault XP
 B = Vault XP
 C = Vault XP percentage of total XP
 D = Non-vault monster count
 E = Vault monster count
 F = Vault count percentage of total count
                 A         B        C        D         E       F
            +---------+---------+-------+---------+---------+-------
      Total |      62 |      41 |  39.8 |      25 |       1 |   3.8
            +---------+---------+-------+---------+---------+-------
        D:1 |      30 |       0 |   0.0 |      15 |       0 |   0.0
        D:2 |      13 |       0 |   0.0 |       6 |       0 |   0.0
        D:3 |      19 |       0 |   0.0 |       4 |       0 |   0.0
        D:4 |       0 |      41 | 100.0 |       0 |       1 | 100.0
            +---------+---------+-------+---------+---------+-------
